 Dungeon Crawl Stone Soup version 0.23.1 (webtiles) character file.

Game seed: 1206741146574775276

6 Borgoz the Sneak (level 1, 0/15 HPs)
             Began as a Ghoul Enchanter on Mar 14, 2019.
             Slain by a kobold
             ... wielding a +0 dagger
              (1 damage)
             ... on level 1 of the Dungeon.
             The game lasted 00:00:46 (452 turns).

Borgoz the Sneak (Ghoul Enchanter)                   Turns: 452, Time: 00:00:46

Health: 0/15       AC:  2    Str: 11    XL:     1   Next: 90%
Magic:  2/2        EV: 12    Int: 10    God:
Gold:   9          SH:  0    Dex:  9    Spells: 2/3 levels left

rFire    . . .     SeeInvis +   a - +1 dagger
rCold    + . .     Gourm    .   (no shield)
rNeg     + + +     Faith    .   b - +0 robe
rPois    ∞         Spirit   .   (no helmet)
rElec    .         Reflect  .   (no cloak)
rCorr    .         Harm     .   (no gloves)
MR       .....                  (no boots)
Stlth    ++........             (no amulet)
HPRegen  0.00/turn              e - ring of see invisible
MPRegen  0.08/turn              (no ring)

@: rotting
A: rotting body, claws 1, carnivore, cold resistance 1, negative energy
resistance 3, inhibited regeneration, torment resistance, unbreathing
a: no special abilities


You were on level 1 of the Dungeon.
You were not hungry.

You visited 1 branch of the dungeon, and saw 1 of its levels.

You collected 9 gold pieces.

Inventory:

Hand Weapons
 a - a +1 dagger (weapon)
Armour
 b - a +0 robe (worn)
Jewellery
 e - a ring of see invisible (left claw)
Scrolls
 g - a scroll of random uselessness {unknown}
Potions
 f - a potion of degeneration {unknown}
Comestibles
 c - 3 chunks of flesh
 d - 2 rations


   Skills:
 + Level 0.4 Fighting
 * Level 1.0 Short Blades
 + Level 0.0 Throwing
 * Level 0.3 Armour
 + Level 1.8 Dodging
 + Level 3.3 Stealth
 + Level 1.7 Spellcasting
 * Level 2.5 Hexes


You had 2 spell levels left.
You knew the following spells:

 Your Spells              Type           Power        Failure   Level  Hunger
a - Corona                Hex            #......      12%         1    ##.....

Your spell library contained the following spells:

 Spells                   Type           Power        Failure   Level  Hunger
 Ensorcelled Hibernation  Hex/Ice        #.....       28%         2    ###....
 Confuse                  Hex            #.......     34%         3    ####...
 Tukima's Dance           Hex            #.......     34%         3    ####...
 Dazzling Spray           Conj/Hex       #.....       50%         3    ####...


Dungeon Overview and Level Annotations

Branches:
Dungeon (1/15)

Altars:


Innate Abilities, Weirdness & Mutations

Your body is rotting away.
You thrive on raw meat.
You are immune to poison.
You have sharp fingernails.
You are carnivorous and can eat meat at any time.
Your flesh is cold resistant. (rC+)
You are immune to negative energy. (rN+++)
You do not regenerate when monsters are visible.
You are immune to unholy pain and torment.
You can survive without breathing.


Message History

You hit the bat.
The bat is severely wounded.
The bat hits you. The kobold hits you but does no damage.
You completely miss the bat.
The bat is severely wounded.
The bat hits you but does no damage. The bat barely misses you.
The kobold hits you but does no damage.
You hit the bat.
You kill the bat!
Your Short Blades skill increases to level 1!
The kobold closely misses you. The kobold hits you.
You see here a bat corpse.
You butcher the bat corpse.
The kobold hits you with a +0 dagger. The kobold hits you.
* * * LOW HITPOINT WARNING * * *
Things that are here:
a chunk of flesh; a bat skeleton
c - 3 chunks of flesh (gained 1)
The kobold hits you with a +0 dagger.
You die...

.....## ##.## #.#
.##.#.###.#.###.#
.##.##.#.#.#.#.#
....###.#.<.#.#
##..##.#.#.#.#.# ###
#..#.###.#)###.#.. .
#...## ##.##
##.######.# #..##
#.#.###.........# #..#
#.###.#..@K.....# #..#
..# ##...K......#
#..#.###.....##.......#
#..# ###$..###......#
#..# ##..# #>.......
.... #..# #.....###
.... .......# .....
........# .....
..##....#


You could see 2 kobolds.

Vanquished Creatures
  3 bats (D:1)
  A goblin (D:1)
  A frilled lizard (D:1)
  A rat (D:1)
6 creatures vanquished.

Notes
Turn   | Place    | Note
-------+----------+-------------------------------------------
     0 | D:1      | Borgoz the Ghoul Enchanter began the quest for the Orb.
     0 | D:1      | Reached XP level 1. HP: 14/14 MP: 2/2
   449 | D:1      | Reached skill level 1 in Short Blades
   452 | D:1      | Slain by a kobold

Skill      XL: |  1 |
---------------+----+-----
Short Blades   | 1 |  1.0
Fighting       | |  0.4
Armour         | |  0.3
Dodging        | |  1.8
Stealth        | |  3.3
Spellcasting   | |  1.7
Hexes          | |  2.5

Action                   || total
-------------------------++-------
Melee: Dagger            ||    37
  Eat: Chunk             ||     1
Armor: Robe              ||    19
Dodge: Dodged            ||    32
